 Dungeon Crawl Stone Soup version 0.22.1-1-ga44c0e5 (webtiles) character file.

105 Jamjie98 the Firebug (level 4, -1/34 HPs)
             Began as a Draconian Fire Elementalist on Sept 30, 2018.
             Slain by a gnoll
             ... wielding a +0 whip of electrocution
              (8 damage)
             ... on level 2 of the Dungeon.
             The game lasted 00:07:31 (1323 turns).

Jamjie98 the Firebug (Draconian Fire Elementalist)  Turns: 1323, Time: 00:07:34

Health: -1/34      AC:  6    Str:  7 (10) XL:     4   Next: 53%
Magic:  0/7        EV: 12    Int: 16 (17) God:
Gold:   66         SH:  0    Dex:  9 (11) Spells: 7/8 levels left

rFire    x . .     SeeInvis .   j - +4 mace
rCold    + . .     Gourm    .   (no shield)
rNeg     . . .     Faith    .   (armour unavailable)
rPois    .         Spirit   .   (helmet restricted)
rElec    .         Reflect  .   (no cloak)
rCorr    .         Harm     .   (no gloves)
MR       .....                  q - +0 pair of boots
Stlth    +.........             (no amulet)
HPRegen  0.11/turn              d - ring of attention (curse)
MPRegen  0.10/turn              o - ring of ice

@: no status effects
A: unfitting armour, cold-blooded, AC +5
a: no special abilities


You were on level 2 of the Dungeon.
You were not hungry.

You visited 1 branch of the dungeon, and saw 2 of its levels.

You collected 66 gold pieces.

Inventory:

Hand Weapons
 c - a +0 whip
 e - a +0 whip
 f - a +0 whip
 h - a +0 club
 j - a +4 mace (weapon)
 k - a cursed -1 club
 n - a +0 short sword
 r - a +0 mace
Missiles
 a - 57 stones (quivered)
 g - 2 needles of frenzy
 i - 28 bolts
Armour
 q - a +0 pair of boots (worn)
Jewellery
 d - a cursed ring of attention (left hand)
 o - a ring of ice (right hand)
Scrolls
 m - a scroll of fear
Potions
 p - a potion of curing
Comestibles
 b - 3 rations
 l - a chunk of flesh


   Skills:
 + Level 0.9 Fighting
 + Level 1.1 Maces & Flails
 + Level 2.4 Dodging
 + Level 2.0 Stealth
 + Level 0.1 Unarmed Combat
 + Level 2.5 Spellcasting
 + Level 1.6 Conjurations
 + Level 3.8 Fire Magic


You had 7 spell levels left.
You knew the following spells:

 Your Spells              Type           Power        Failure   Level  Hunger
a - Flame Tongue          Conj/Fire      ##...        6%          1    #......

Your spell library contained the following spells:

 Spells                   Type           Power        Failure   Level  Hunger
 Throw Flame              Conj/Fire      ##....       10%         2    ##.....
 Conjure Flame            Conj/Fire      ##......     19%         3    ###....
 Inner Flame              Hex/Fire       #.......     26%         3    ###....
 Sticky Flame             Conj/Fire      ##......     54%         4    #####..
 Fireball                 Conj/Fire      ##........   87%         5    ######.


Dungeon Overview and Level Annotations

Branches:
Dungeon (2/15)

Altars:


Innate Abilities, Weirdness & Mutations

Your plain brown scales are hard. (AC +5)
You cannot fit into any form of body armour.
You are cold-blooded and may be slowed by cold attacks.


Message History

The flame tongue hits the gnoll.
The gnoll is almost dead.
The gnoll closely misses you.
Casting: Flame Tongue (safe; 6% risk of failure)
Confirm with . or Enter, or press ? or * to list all spells.
Aiming: Flame Tongue (safe; 6% risk of failure)
Press: ? - help, Shift-Dir - straight line, f/p - gnoll
Aim: a gnoll (almost dead)
The flame tongue hits the gnoll.
You kill the gnoll!
You feel your dexterity returning. The gnoll closely misses you.
You thump the gnoll!
The gnoll is heavily wounded.
The gnoll hits you with a whip of electrocution.
You are electrocuted!
The gnoll hits you with a whip of electrocution!
* * * LOW HITPOINT WARNING * * *
You are electrocuted!
You die...

# .##.. .# . ##.##.##.# . #.
##..#..##.# .. #.#.###..##..##.#
.. .............##.## .#
.....)|......##..##.###
.(....g...#............
#...@#...........##
....##....<#.........# #.#. .
#.....#...##.......# #.#.
#..##..#...........# # ###..
##..###.......#....##.. . ...
#....####......##......# #
#.#####..#..##..............###
# #.#...................#[#....#
###.............##....†.).#.#..#


You could see a gnoll.

Vanquished Creatures
  A centaur zombie (D:2)
  2 gnolls (D:2)
  An ooze (D:2)
  A dart slug (D:1)
  2 leopard geckos
  3 bats
  4 giant cockroaches (D:1)
  3 goblins (D:1)
  5 hobgoblins
  4 jackals (D:2)
  2 ball pythons
  2 frilled lizards (D:1)
  7 kobolds
  7 rats
44 creatures vanquished.

Notes
Turn   | Place    | Note
-------+----------+-------------------------------------------
     0 | D:1      | Jamjie98 the Draconian Fire Elementalist began the quest
                  | for the Orb.
     0 | D:1      | Reached XP level 1. HP: 14/14 MP: 3/3
    67 | D:1      | Reached XP level 2. HP: 20/20 MP: 1/5
   655 | D:1      | Reached XP level 3. HP: 23/26 MP: 3/6
  1026 | D:2      | Reached skill level 1 in Maces & Flails
  1026 | D:2      | Reached XP level 4. HP: 12/34 MP: 0/7
  1323 | D:2      | Slain by a gnoll

Skill      XL: |  1  2  3 |
---------------+----------+-----
Stealth        | 2 |  2.0
Dodging        | 2 |  2.4
Maces & Flails | 1 |  1.1
Fighting       | |  0.9
Unarmed Combat | |  0.1
Spellcasting   | |  2.5
Conjurations   | |  1.6
Fire Magic     | |  3.8

Action                   |  1- 3 |  4- 6 || total
-------------------------+-------+-------++-------
Melee: Unarmed           |    15 |       ||    15
       Tailslap          |     5 |       ||     5
       Whip              |    14 |       ||    14
       Mace              |    19 |     2 ||    21
 Cast: Flame Tongue      |    42 |    20 ||    62
  Use: Scroll            |     1 |     1 ||     2
       Potion            |     1 |     1 ||     2
  Eat: Ration            |     1 |       ||     1
Armor: Skin              |    21 |     3 ||    24
Dodge: Dodged            |    58 |     8 ||    66
